 Dungeon Crawl Stone Soup version 0.28-a0-533-g9f97627e2a (webtiles) character file.

Game seed: 9626558968832933134

27 varam the Caller (level 3, 0/24 HPs)
             Began as a Merfolk Summoner on Sept 25, 2021.
             Succumbed to Terence's poison
             ... on level 2 of the Dungeon.
             The game lasted 00:02:56 (1174 turns).

varam the Caller (Merfolk Summoner)                 Turns: 1174, Time: 00:02:57

Health: 0/24       AC:  2    Str: 14    XL:     3   Next: 10%
Magic:  4/6        EV: 12    Int: 15    God:
Gold:   23         SH:  0    Dex: 14    Spells: 5/6 levels left

rFire   . . .      SeeInvis .   c - +0 spear
rCold   . . .      Faith    .   (no shield)
rNeg    . . .      Spirit   .   a - +0 robe
rPois   .          Reflect  .   (no helmet)
rElec   .          Harm     .   (no cloak)
rCorr   .          Rampage  .   (no gloves)
Will    .....                   (no boots)
Stlth   ++........              (no amulet)
HPRegen 0.08/turn               d - +6 ring of strength
MPRegen 0.10/turn               (no ring)

@: lethally poisoned (0 -> -4)
A: (nimble swimmer 2), mertail
a: no special abilities


You were on level 2 of the Dungeon.
You visited 1 branch of the dungeon, and saw 2 of its levels.

You collected 23 gold pieces.

Inventory:

Hand Weapons
 c - a +0 spear (weapon)
   (You found it on level 1 of the Dungeon)
Armour
 a - a +0 robe (worn)
Jewellery
 d - a +6 ring of strength (left hand)
   (You found it on level 1 of the Dungeon)
Scrolls
 b - a scroll of enchant weapon {unknown}
 f - a scroll of magic mapping {unknown}
 g - a scroll of immolation {unknown}
Potions
 e - a potion of curing {unknown}
 h - 2 potions of magic {unknown}


   Skills:
 + Level 2.6 Polearms
 - Level 2.6 Dodging
 - Level 2.1 Stealth
 - Level 2.0 Spellcasting
 + Level 4.5 Summonings


You had 5 spell levels left.
You knew the following spells:

 Your Spells              Type           Power      Damage    Failure   Level
a - Summon Small Mammal   Summ           60%        N/A       3%          1

Your spell library contained the following spells:

 Spells                   Type           Power      Damage    Failure   Level
 Call Imp                 Summ           15%        N/A       5%          2
 Call Canine Familiar     Summ           15%        N/A       11%         3
 Summon Guardian Golem    Hex/Summ       8%         N/A       26%         3
 Summon Lightning Spire   Summ/Air       8%         N/A       65%         4


Dungeon Overview and Level Annotations

Branches:
Dungeon (2/15)

Altars:

Annotations:
D:2 Terence


Innate Abilities, Weirdness & Mutations

((You are quick and stealthy near water. (Stealth+, EV+, Speed+++)))
Your lower body shifts to a powerful aquatic tail in water.


Message History

There is a stone staircase leading up here.
There are monsters nearby!
Unknown command.
The hobgoblin shouts!
The kobold shouts!
Your quokka disappears in a puff of smoke!
Your bat hits Terence but does no damage.
Terence hits you but does no damage.
You are poisoned.
You hit Terence but do no damage.
You feel very sick.
Your bat hits Terence but does no damage.
Terence hits you with a +1 short sword of venom.
You are lethally poisoned!
Your bat hits the hobgoblin but does no damage.
You feel very sick.
Your bat closely misses the hobgoblin.
Your rat bites Terence but does no damage.
Found 2 puce potions.
You feel very sick.
Your bat hits the hobgoblin but does no damage.
The hobgoblin misses you.
Terence hits your bat with a +1 short sword of venom.
Your bat dies!
Your bat's corpse disappears in a puff of smoke!
Your rat barely misses Terence.
* * * LOW HITPOINT WARNING * * *
You feel sick.
You are too injured to fight recklessly!
* * * LOW HITPOINT WARNING * * *
You feel sick.
You are too injured to fight recklessly!
* * * LOW HITPOINT WARNING * * *
You feel sick.
* * * LOW HITPOINT WARNING * * *
You feel sick.
Found 20 sling bullets.
* * * LOW HITPOINT WARNING * * *
You feel sick.
The hobgoblin hits you but does no damage.
You die...

# . #. #.
#.##########
#....K.....#####
#...r@g.@.....(#
####...######.###.#
#.......@.# #
.........r<#
##.........#
####.......!
#........#
#.........#
#...........#


You could see Terence (ally target), a hobgoblin, a kobold and a friendly rat
(summoned).

Vanquished Creatures
  3 endoplasms (D:1)
  A giant cockroach (D:1)
  A goblin (D:1)
  2 hobgoblins (D:1)
  A jackal (D:1)
  4 ball pythons (D:1)
  A bat (D:1)
  2 rats (D:1)
15 creatures vanquished.

Vanquished Creatures (collateral kills)
  A dart slug (D:1)
  A bat (D:1)
  A giant cockroach (D:1)
  2 jackals (D:1)
  A frilled lizard (D:1)
  A rat (D:1)
7 creatures vanquished.

Vanquished Creatures (others)
  A fungus (D:2)
1 creature vanquished.

Grand Total: 23 creatures vanquished

Notes
Turn   | Place    | Note
-------+----------+-------------------------------------------
     0 | D:1      | varam the Merfolk Summoner began the quest for the Orb.
     0 | D:1      | Reached XP level 1. HP: 13/13 MP: 3/3
    77 | D:1      | Reached skill level 1 in Polearms
   149 | D:1      | Reached XP level 2. HP: 16/19 MP: 5/5
   568 | D:1      | Reached XP level 3. HP: 17/24 MP: 6/6
  1162 | D:2      | Noticed Terence
  1173 | D:2      | HP: 1/24 [poisoned by Terence]
  1174 | D:2      | Succumbed to Terence's poison

Illustrated notes

Levels and vault maps discovered:
D:1:      wander_arrival_fairy_ring, layout_rooms, serial_forest,
          infiniplex_forest_clump_curved, infiniplex_forest_end_1,
          infiniplex_forest_end_1, infiniplex_forest_straight_2,
          infiniplex_forest_straight_3, infiniplex_forest_lined_2,
          infiniplex_forest_end_2, infiniplex_forest_lined_4_way
D:2:      layout_loops_ring, shapermc_ecumenical_altar_ellora, uniq_terence

Skill      XL: |  1  2 |
---------------+-------+-----
Polearms       | 1 2 |  2.6
Dodging        | |  2.6
Stealth        | |  2.1
Spellcasting   | |  2.0
Summonings     | |  4.5

Action                   || total
-------------------------++-------
Melee: Spear             ||    78
 Cast: Summon Small Mamm ||    14
 Stab: Sleeping          ||     2
       Distracted        ||     1
Armor: Robe              ||    19
Dodge: Dodged            ||    41

Table legend: (Time is in decaauts)
 A = Elapsed time spent in this place.
 B = Non-inter-level travel time spent in this place.
 C = Inter-level travel time spent in this place.
 D = Time resting spent in this place.
 E = Time spent auto-exploring this place.
 F = Levels seen in this place.
 G = Mean time per level.
                   A        B        C        D        E       F      G
               +--------+--------+--------+--------+--------+-----+--------+
         Total |   1174 |   1155 |     19 |     15 |    926 |   2 |  587.0 |
       Dungeon |   1174 |   1155 |     19 |     15 |    926 |   2 |  587.0 |
               +--------+--------+--------+--------+--------+-----+--------+

Top non-repeatable levels by time:
     D:1: 1162 daAuts
     D:2: 11 daAuts
